 Dungeon Crawl Stone Soup version 0.30-a0-824-g6c64550be9 (webtiles) character file.

Game seed: 2574941482511008001

52 demibob the Scratcher (level 3, -2/17 HPs)
             Began as a Felid Chaos Knight on Feb 28, 2023.
             Was a Plaything of Xom.
             Slain by Natasha (6 damage)
             ... on level 3 of the Dungeon.
             The game lasted 00:02:06 (1738 turns).

demibob the Scratcher (Felid Chaos Knight)          Turns: 1738, Time: 00:02:07

Health: -2/17      AC:  1    Str:  8    XL:     3   Next: 60%
Magic:  4/4        EV: 18    Int: 15    God:    Xom [*.....]
Gold:   124        SH:  0    Dex: 15    Spells: 2/2 levels left
                                        Lives:  0   Deaths: 0

rFire   . . .      SeeInvis +      - Unarmed
rCold   . . .      Faith    .    (shield unavailable)
rNeg    . . .      Spirit   .    (body armour unavailable)
rPois   .          Reflect  .    (helmet unavailable)
rElec   .          Harm     .    (cloak unavailable)
rCorr   .          Rampage  .    (gloves unavailable)
Will    .....                    (boots unavailable)
Stlth   +                        (no amulet)
HPRegen 0.22/turn                (no ring)
MPRegen 0.09/turn                (no ring)

@: quick
A: very small, claws 1, fangs 3, see invisible, speed 1, shaggy fur 1, stealthy
paws, no weapons or thrown items, no armour, multi-lived
a: Renounce Religion


You were on level 3 of the Dungeon.
You worshipped Xom.
You were a special plaything of Xom.
You visited 1 branch of the dungeon, and saw 3 of its levels.

You collected 124 gold pieces.


Innate Abilities, Weirdness & Mutations

You have sharp claws.
You have razor-sharp teeth.
You have supernaturally acute eyesight. (SInv)
You cover ground quickly. (Speed+)
You are covered in fur. (AC +1)
Your paws help you pounce on unaware monsters.
You are incapable of wielding weapons or throwing items.
You cannot wear armour.
You gain extra lives every three experience levels.


   Skills:
 - Level 3.0 Fighting
 + Level 4.1 Dodging
 * Level 4.2 Unarmed Combat


You had 2 spell levels left.
You didn't know any spells.
Your spell library contained the following spells:

 Spells                   Type           Power      Damage    Failure   Level
 Summon Guardian Golem    Hex/Summ       0%         N/A       63%         3
 Orb of Destruction       Conj           0%         9d5       100%        7
 Spellforged Servitor     Conj/Summ      0%         N/A       100%        7

Inventory:

Jewellery
 M - a ring of magical power
 N - a ring of positive energy
Scrolls
 b - a scroll of teleportation {@r2}
 c - a scroll of fog
Potions
 d - 2 potions of curing {unknown}
 e - 2 potions of brilliance {unknown}
 f - a potion of cancellation {unknown}
 g - a potion of degeneration {unknown}
 h - a potion of berserk rage {unknown}
Miscellaneous
 a - a piece from Xom's chessboard (15/15) (quivered)

Dungeon Overview and Level Annotations

Branches:
Dungeon (3/15)

Altars:
Xom

Annotations:
D:3 Natasha

# .........[....
##....#####..▒▒▒▒▒. ##
...........▒.▒▒▒.▒
..#....###..▒.▒.▒.▒.
.#....#....▒▒.▒)▒.▒
.....#.#..▒▒▒(▒.▒▒ #####
#.##.#..#.▒▒.▒.▒.▒
#....5#.##.#..#.▒.▒.▒.▒.
+....5h@......#..▒.▒▒▒.▒
#.....#......^#...▒▒▒▒▒.
#.... ####.#[.#.........
#... .......)........
... .##.#............ ..
.$............### #
......†#.#.....#
###..............
........†......##


You could see an iron imp (summoned), Natasha and a shadow imp (summoned).


Message History

Natasha mumbles some strange words.
The shadow imp shouts!
Natasha casts a spell.
Natasha claws you.
You claw Natasha! You bite Natasha.
Natasha is heavily wounded.
Natasha barely misses you.
You scratch Natasha but do no damage.
Natasha is heavily wounded.
Natasha claws you!
Ouch! That really hurt!
* * * LOW HITPOINT WARNING * * *
You scratch Natasha but do no damage.
Natasha is heavily wounded.
Natasha completely misses you.
You scratch Natasha.
Natasha is severely wounded.
You completely miss Natasha.
Natasha is severely wounded.
Natasha claws you.
* * * LOW HITPOINT WARNING * * *
You scratch Natasha.
Natasha is almost dead.
Natasha mumbles some strange words.
The shadow imp grins evilly.
You closely miss Natasha.
Natasha is almost dead.
Natasha claws you.
You die...
Xom thinks this is hilarious!

Skill      XL: |  1  2  3 |
---------------+----------+-----
Dodging        | 4 |  4.1
Unarmed Combat | 4 |  4.2
Fighting       | |  3.0

Action                     || total
---------------------------++-------
  Melee: Unarmed           ||   109
         Bite              ||     6
    Use: Scroll            ||     3
   Stab: Sleeping          ||     6
 Armour: Skin              ||     8
  Dodge: Dodged            ||    76

Levels and vault maps discovered:
D:1:      erik_arrival_cave_to_civilisation [erik_arrival_cave_to_hall],
          layout_basic
D:2:      layout_basic, basic_altar, serial_park_tiny_1, uniq_robin
D:3:      layout_basic, nicolae_uskayaw_en_pointe, gammafunk_ghost_smash,
          grunt_decor_arrowhead, minmay_circle_x, uniq_ijyb, uniq_natasha,
          uniq_crazy_yiuf_cottage

Notes
Turn   | Place    | Note
-------+----------+-------------------------------------------
     0 | D:1      | demibob the Felid Chaos Knight began the quest for the Orb.
     0 | D:1      | Reached XP level 1. HP: 10/10 MP: 2/2
    18 | D:1      | XOM: butterfly on damage
   107 | D:1      | Reached XP level 2. HP: 14/14 MP: 3/3
   288 | D:1      | XOM: divination: detect items
   463 | D:1      | XOM: 1-stop teleportation journey
   648 | D:1      | XOM: noise
   759 | D:1      | Reached XP level 3. HP: 17/17 MP: 4/4
   936 | D:2      | Found a shimmering altar of Xom.
   970 | D:2      | Reached skill level 4 in Dodging
   983 | D:2      | XOM: noise
  1036 | D:2      | Reached skill level 4 in Unarmed Combat
  1055 | D:2      | XOM: silly message
  1183 | D:2      | XOM: noise
  1727 | D:3      | Noticed Natasha
  1738 | D:3      | Slain by Natasha

Vanquished Creatures
  3 worms
  2 dart slugs (D:1)
  7 bats
  2 endoplasms (D:1)
  3 giant cockroaches
  3 goblins
  2 hobgoblins
  2 quokkas (D:1)
  5 ball pythons
  2 frilled lizards (D:1)
  5 kobolds
  2 rats (D:1)
38 creatures vanquished.

Table legend: (Time is in decaauts)
 A = Elapsed time spent in this place.
 B = Non-inter-level travel time spent in this place.
 C = Inter-level travel time spent in this place.
 D = Time resting spent in this place.
 E = Time spent auto-exploring this place.
 F = Levels seen in this place.
 G = Mean time per level.
                   A        B        C        D        E       F      G
               +--------+--------+--------+--------+--------+-----+--------+
         Total |   1432 |   1377 |     55 |     42 |   1110 |   3 |  477.3 |
       Dungeon |   1432 |   1377 |     55 |     42 |   1110 |   3 |  477.3 |
               +--------+--------+--------+--------+--------+-----+--------+

Top non-repeatable levels by time:
     D:1: 746 daAuts
     D:2: 588 daAuts
     D:3: 98 daAuts

Table legend:
 A = Non-vault XP
 B = Vault XP
 C = Vault XP percentage of total XP
 D = Non-vault monster count
 E = Vault monster count
 F = Vault count percentage of total count
                 A         B        C        D         E       F
            +---------+---------+-------+---------+---------+-------
      Total |      55 |      20 |  26.7 |      30 |       8 |  21.1
            +---------+---------+-------+---------+---------+-------
        D:1 |      38 |       3 |   7.3 |      22 |       2 |   8.3
        D:2 |      13 |       2 |  13.3 |       5 |       1 |  16.7
        D:3 |       4 |      15 |  78.9 |       3 |       5 |  62.5
            +---------+---------+-------+---------+---------+-------
